 Dungeon Crawl Stone Soup version 0.31-a0-986-g5e6e4ef867 (webtiles) character file.

Game seed: 2296411723960491920

1276 pokeman the Thaumaturge (level 8, -9/41 (44) HPs)
             Began as a Deep Elf Hedge Wizard on Nov 11, 2023.
             Was an Initiate of Vehumet.
             Mangled by a wight
             ... wielding a +1 heavy great sword
              (26 damage)
             ... on level 6 of the Dungeon.
             The game lasted 00:13:15 (5864 turns).

pokeman the Thaumaturge (Deep Elf Hedge Wizard)     Turns: 5864, Time: 00:13:15

HP:   -9/41 (44)    AC:  5    Str:  7    XL:     8   Next: 29%
MP:   22/23         EV: 13    Int: 28    God:    Vehumet [......]
Gold: 94            SH:  0    Dex: 14    Spells: 18/26 levels left

rFire   . . .        h - +0 dagger (elec)
rCold   + . .        (no shield)
rNeg    . . .        b - +0 robe
rPois   .            v - +0 helmet
rElec   .            (no cloak)
rCorr   .            q - +1 Delatra's gloves {ID++}
SInv    .            (no boots)
Will    .....        A - amulet of magic regeneration
Stlth   ++           e - ring of protection from cold
HPRegen 0.26/turn    p - +6 ring of intelligence
MPRegen 0.58/turn

%: no passive effects
@: weakened, drained
A: no striking features
a: Renounce Religion


You were on level 6 of the Dungeon.
You worshipped Vehumet.
Vehumet was noncommittal.
You visited 1 branch of the dungeon, and saw 6 of its levels.
You also visited: Ossuary.

You collected 365 gold pieces.
You spent 271 gold pieces at shops.

Inventory:

Hand Weapons
 h - a +0 dagger of electrocution (weapon)
 t - a +2 dagger of venom
Armour
 b - a +0 robe (worn)
 q - the +1 Delatra's gloves (worn) {ID++}
   (You found it on level 3 of the Dungeon)

   ID++:      It heals its wearer when they drink unknown potions, and restores
   their MP when they read unknown scrolls.
 v - a +0 helmet (worn)
Jewellery
 e - a ring of protection from cold (left hand)
 i - an amulet of faith
 p - a +6 ring of intelligence (right hand)
 A - an amulet of magic regeneration (around neck)
Scrolls
 a - 2 scrolls of immolation {unknown}
 g - 5 scrolls of identify {unknown}
 j - a scroll of teleportation {unknown}
 k - a scroll of brand weapon {unknown}
 l - a scroll of poison {unknown}
 o - 2 scrolls of vulnerability {unknown}
 w - 2 scrolls of blinking {unknown}
 x - 2 scrolls of fog {unknown}
 y - 2 scrolls of acquirement {unknown}
 B - a scroll of fear {unknown}
Potions
 c - 2 potions of heal wounds {unknown}
 d - a potion of magic
 f - a potion of might {unknown}
 m - a potion of ambrosia {unknown}
 n - 7 potions of curing {unknown}
 r - 2 potions of haste {unknown}
 s - a potion of attraction {unknown}
 u - 3 potions of degeneration {unknown}
 z - a potion of invisibility {unknown}
 C - 3 potions of lignification {unknown}
 D - 2 potions of brilliance {unknown}


   Skills:
 - Level 2.2 Fighting
 + Level 1.8 Armour
 - Level 3.2 Dodging
 - Level 3.2 Stealth
 * Level 9.8 Spellcasting
 + Level 5.1 Conjurations
 - Level 1.1 Summonings
 - Level 1.1 Translocations
 - Level 2.1 Air Magic
 - Level 2.2 Poison Magic


You had 18 spell levels left.
You knew the following spells:

 Your Spells              Type           Power      Damage    Failure   Level
a - Magic Dart            Conj           100%       1d8       1%          1
b - Mephitic Cloud        Conj/Pois/Air  31%        N/A       3%          3
c - Call Imp              Summ           38%        N/A       4%          2
d - Blink                 Tloc           38%        N/A       4%          2

Your spell library contained the following spells:

 Spells                   Type           Power      Damage    Failure   Level
 Cigotuvi's Dreadful Rot  Necr/Pois/Air  42%        N/A       3%          2
 Necrotise                Necr           52%        1d6       4%          1
 Slow                     Hex            52%        N/A       4%          1
 Vampiric Draining        Necr           13%        2d6       12%         3
 Agony                    Necr           13%        N/A       75%         5


Dungeon Overview and Level Annotations

Branches:
Dungeon (6/15)            Ossuary (visited)
 Temple: D:4-7

Altars:
Dithmenos
Gozag
Makhleb
Nemelex Xobeh
Vehumet

Shops:
D:1 *


Message History

The wight closely misses your cerulean imp.
Your cerulean imp hits the wight but does no damage.
Unknown command.
Casting: Call Imp (safe; 4% risk of failure)
Confirm with . or Enter, or press ? or * to list all spells.
Aiming: Magic Dart (safe; 1% risk of failure)
Press: ? - help, Shift-Dir - straight line, f/p - wight
Aim: a wight, wielding a +0 falchion and wearing a +0 robe (severely damaged, ally target, 100% to hit)
The magic dart hits the wight.
The wight is almost destroyed.
The wight completely misses you.
Your cerulean imp hits the wight but does no damage.
Casting: Magic Dart (safe; 1% risk of failure)
Confirm with . or Enter, or press ? or * to list all spells.
Aiming: Magic Dart (safe; 1% risk of failure)
Press: ? - help, Shift-Dir - straight line, f/p - wight
Aim: a wight, wielding a +0 falchion and wearing a +0 robe (almost destroyed, not watching you, ally target, 100% to hit)
The magic dart hits the wight.
You destroy the wight!
Vehumet accepts your kill.
Your cerulean imp hits the wight but does no damage.
You hit the wight.
The wight is lightly damaged.
The gnoll hits you from afar with a +0 spear.
The wight hits you with a +1 heavy great sword.
You feel drained.
Your cerulean imp closely misses the wight.
Unknown command.
Casting: Magic Dart (safe; 1% risk of failure)
Confirm with . or Enter, or press ? or * to list all spells.
Aiming: Magic Dart (safe; 1% risk of failure)
Press: ? - help, Shift-Dir - straight line, f - wight
Aim: a wight, wielding a +1 heavy great sword and wearing a +0 robe (lightly damaged, ally target, 100% to hit)
The magic dart hits the wight.
The wight is lightly damaged.
The gnoll closely misses you.
Your cerulean imp closely misses the wight.
The wight hits you with a +1 heavy great sword!!
Ouch! That really hurt!
You die...

#. #.# #g #.#
#####) #.#
)....#######.#
z... ....##.#
#.. ##...#.#
##.z##.#.#..#
#.gggz@.....#
......g##5#.#.##
..##..# ##..<##
#.. ##.## ...
#.# ##.. #.# .$
#.# .## #.# #.#


You could see a gnoll bouda, 2 wights, 3 gnolls and a friendly cerulean imp
(summoned).

Vanquished Creatures
  A steam dragon (D:5)
  A water moccasin (D:5)
  An ogre (D:3)
  An ice beast (D:5)
  3 elf zombies (Ossuary)
  Blork the orc (D:4)
  A scorpion (D:4)
  A wight (D:6)
  A centaur zombie (Ossuary)
  2 hounds (D:5)
  2 orc wizards
  2 mummies (Ossuary)
  Robin (D:4)
  4 gnolls
  9 adders
  A white imp (D:4)
  3 worms
  2 dart slugs
  16 orcs
  5 endoplasms
  2 giant cockroaches
  13 goblins
  13 hobgoblins
  3 jackals (D:3)
  4 kobolds
  A quokka (D:1)
  8 ball pythons
  4 bats
  A frilled lizard (D:1)
  A goblin zombie (Ossuary)
  7 hobgoblin zombies (Ossuary)
  2 jackal zombies (Ossuary)
  8 kobold zombies (Ossuary)
  8 orc zombies (Ossuary)
  5 rats
138 creatures vanquished.

Vanquished Creatures (collateral kills)
  2 orcs (D:2)
  A frilled lizard (D:3)
  4 hobgoblin zombies (Ossuary)
  A jackal zombie (Ossuary)
  2 orc zombies (Ossuary)
10 creatures vanquished.

Vanquished Creatures (others)
  An orc wizard (D:5)
  An orc (D:4)
2 creatures vanquished.

Grand Total: 150 creatures vanquished

Notes
Turn   | Place    | Note
-------+----------+-------------------------------------------
     0 | D:1      | pokeman the Deep Elf Hedge Wizard began the quest for the
                  | Orb.
     0 | D:1      | Reached XP level 1. HP: 10/10 MP: 7/7
   287 | D:1      | Reached XP level 2. HP: 16/16 MP: 4/9
   392 | D:1      | Found Wihonic's Assorted Antiques.
  1169 | D:2      | Reached skill level 5 in Spellcasting
  1174 | D:2      | Reached XP level 3. HP: 5/20 MP: 0/11
  1178 | D:2      | Learned a level 3 spell: Mephitic Cloud
  1181 | D:2      | Learned a level 2 spell: Call Imp
  1184 | D:2      | Learned a level 2 spell: Blink
  1449 | D:2      | Reached skill level 1 in Fighting
  1633 | D:2      | Found a faded altar of an unknown god.
  1825 | D:2      | Reached skill level 1 in Armour
  2217 | D:3      | Reached XP level 4. HP: 25/25 MP: 8/13
  2280 | D:3      | HP: 1/25 [rat (1)]
  2468 | D:3      | Noticed an ogre
  2474 | D:3      | Killed an ogre
  2475 | D:3      | Reached skill level 6 in Spellcasting
  2475 | D:3      | Reached XP level 5. HP: 7/29 MP: 4/15
  2667 | D:3      | Found the +1 Delatra's gloves {ID++}
  3119 | D:4      | Reached skill level 1 in Air Magic
  3160 | D:4      | Reached XP level 6. HP: 34/34 MP: 17/17
  3207 | D:4      | Found a burning altar of Makhleb.
  3212 | D:4      | Reached skill level 1 in Poison Magic
  3212 | D:4      | Noticed Blork the orc
  3232 | D:4      | Reached skill level 7 in Spellcasting
  3238 | D:4      | Killed Blork the orc
  3339 | D:4      | Noticed Robin
  3340 | D:4      | Found a sand-covered staircase.
  3373 | D:4      | Killed Robin
  3383 | Ossuary  | Entered an ossuary
  3641 | Ossuary  | Reached XP level 7. HP: 23/38 MP: 20/20
  3695 | Ossuary  | Reached skill level 8 in Spellcasting
  4440 | D:4      | Found a shadowy altar of Dithmenos.
  4440 | D:4      | Found a radiant altar of Vehumet.
  4441 | D:4      | Found a sparkling altar of Nemelex Xobeh.
  4448 | D:4      | Became a worshipper of Vehumet
  4542 | D:5      | Entered Level 5 of the Dungeon
  4740 | D:5      | Found an opulent altar of Gozag.
  4862 | D:5      | Noticed a steam dragon
  4884 | D:5      | Killed a steam dragon
  4885 | D:5      | Reached skill level 9 in Spellcasting
  5072 | D:5      | Reached XP level 8. HP: 40/44 MP: 21/23
  5220 | D:5      | Reached skill level 5 in Conjurations
  5695 | D:1      | Bought an orange potion for 29 gold pieces
  5695 | D:1      | Bought a scroll labelled VOLAGR ISTIT for 33 gold pieces
  5695 | D:1      | Bought a scroll labelled POELLA ZICVO for 33 gold pieces
  5695 | D:1      | Bought 2 smoky red potions for 59 gold pieces
  5695 | D:1      | Bought an orange potion for 29 gold pieces
  5695 | D:1      | Bought a smoky red potion for 29 gold pieces
  5695 | D:1      | Bought 2 emerald potions for 59 gold pieces
  5864 | D:6      | Mangled by a wight

Illustrated notes

Levels and vault maps discovered:
D:1:      psy_arrival_dodecagon, layout_basic, serial_shops, shop, nrook_uturn
D:2:      layout_basic, hellmonk_ecumenical_altar_defaced_shrine
D:3:      layout_rooms, pf_guarded_unrand_delatra
D:4:      layout_basic, gammafunk_temple_overflow_claw,
          nicolae_ossuary_entry_monument, minmay_ruined_shrine, uniq_robin,
          uniq_blork_the_orc
D:5:      layout_gridville, mainiacjoe_overflow_concentric_impassable
D:6:      layout_loops_ring, temple_statues, uniq_grinder, uniq_jeremiah

Skill      XL: |  1  2  3  4  5  6  7  8 |
---------------+-------------------------+-----
Spellcasting   | 5 6 7 9 |  9.8
Fighting       | 1 2 |  2.2
Armour         | 1 |  1.8
Conjurations   | 2 3 4 5 |  5.1
Dodging        | 3 |  3.2
Stealth        | 3 |  3.2
Air Magic      | 1 2 |  2.1
Poison Magic   | 2 |  2.2
Summonings     | |  1.1
Translocations | |  1.1

Action                     |  1- 3 |  4- 6 |  7- 9 || total
---------------------------+-------+-------+-------++-------
  Melee: Dagger            |    18 |   170 |    45 ||   233
   Cast: Magic Dart        |   105 |    43 |   112 ||   260
         Call Imp          |     3 |     6 |     5 ||    14
         Mephitic Cloud    |       |    12 |     3 ||    15
         Blink             |       |     3 |       ||     3
   Stab: Confused          |       |     7 |     1 ||     8
         Sleeping          |       |     3 |       ||     3
         Distracted        |       |     1 |       ||     1
 Armour: Robe              |    25 |   132 |    40 ||   197
  Dodge: Dodged            |    26 |   132 |    44 ||   202

Table legend: (Time is in decaauts)
 A = Elapsed time spent in this place.
 B = Non-inter-level travel time spent in this place.
 C = Inter-level travel time spent in this place.
 D = Time resting spent in this place.
 E = Time spent auto-exploring this place.
 F = Levels seen in this place.
 G = Mean time per level.
                   A        B        C        D        E       F      G
               +--------+--------+--------+--------+--------+-----+--------+
         Total |   5862 |   5454 |    408 |    142 |   3837 |   7 |  837.4 |
       Dungeon |   5180 |   4772 |    408 |    142 |   3573 |   6 |  863.3 |
       Ossuary |    682 |    682 |      0 |      0 |    264 |   1 |  682.0 |
               +--------+--------+--------+--------+--------+-----+--------+

Top non-repeatable levels by time:
     D:2: 1179 daAuts
     D:1: 1120 daAuts
     D:5: 1046 daAuts
     D:4: 909 daAuts
     D:3: 891 daAuts
 Ossuary: 682 daAuts
     D:6: 34 daAuts
